[Event "*** Titled Tuesday Blitz"]
[Site "Chess.com"]
[Date "2021.03.02"]
[Round "5"]
[White "CraiggoryC"]
[Black "atalz0"]
[Result "1-0"]
[WhiteElo "2279"]
[BlackElo "2465"]
[TimeControl "180+1"]
[EndTime "10:56:00 PST"]
[Termination "CraiggoryC won on time"]

1. e4 d5 2. exd5 Nf6 3. Bb5+ Bd7 4. Be2 Nxd5 5. d4 Bf5 6. Nf3 e6 7. O-O Be7 8. Nbd2 Nb4 9. Bb5+ N8c6 10. Ba4 O-O 11. c3 Nd3 12. Bc2 Bg6 13. Nc4 Nxc1 14.
Bxg6 hxg6 15. Rxc1 Bf6 16. Qe2 Qd5 17. b3 Rad8 18.
Ne3 Qh5 19. Kh1 g5 20. g4 Qh6 21. Nd2 e5 22. Nf5 Qh7 23. Ne4 exd4 24. cxd4 Nxd4 25. Nxf6+ gxf6 26. Nxd4 Rxd4 27. Rxc7 Qh3 28. Rg1 Kg7 29. Rxb7 Re8 30. Qf1 Qf3+ 31. Qg2 Qxg2+ 32. Kxg2 Rxg4+ 33. Kf1 Rxg1+ 34. Kxg1 a5 35. Rb5 Ra8 36. a4 Kg6 37.
Kg2 f5 38. Kf3 f6 39. Ke3 f4+ 40. Kd4 Kh5 41. Kc5 Kg4 42. Kb6 Kf3 43. Rxa5 Rb8+ 44. Kc7 Rxb3 45. Rf5 Kxf2 46. Rxf6 Ra3 47. Ra6 Kg2 48. a5 f3 49. Kb7 f2 50. Rf6 Rxa5 51. Rg6 f1=Q 52. Rxg5+ 1-0

[Event "*** Titled Tuesday Blitz"]
[Site "Chess.com"]
[Date "2021.03.02"]
[Round "5"]
[White "anon219"]
[Black "wonderfultime"]
[Result "1-0"]
[WhiteElo "2861"]
[BlackElo "2915"]
[TimeControl "180+1"]
[EndTime "10:56:01 PST"]
[Termination "anon219 won on time"]

1. e4 c5 2. Nf3 Nf6 3. e5 Nd5 4. b3 g6 5. Bb2 Bg7 6. d4 cxd4 7. Qxd4 Nb6 8. Qf4 Nc6 9. Nc3 O-O 10. O-O-O Qc7 11. Qg3 a6 12. Ne4 Nb4 13. Rd2 a5 14.
a3 Nc6 15. h4 h5 16. Bd3 a4 17. b4 Nd5 18. Qg5 Ncxb4 19. axb4 a3 20. Ba1 Nxb4 21. Qxe7 Nxd3+ 22. Rxd3 Ra4 23. Nf6+ Kh8 24.
Nd5 Qc6 25. e6 Bb2+ 26. Kd1 Kg7 27. Bxb2+ axb2 28. Qf6+ Kh7 29. Qxb2 fxe6 30. Nf6+ Kh6 31. Kd2 Qc5 32. Ke2 b6 33. Rhd1 Ba6 34. Qc1+ Kg7 35.
Nxd7 Bxd3+ 36. Rxd3 Qb4 37. Nde5 Qe4+ 38. Kf1 Rfa8 39.
Rd7+ Kg8 40. Rd1 Ra1 41. Qxa1 Rxa1 42. Rxa1 Qxc2 43. Ra8+ Kg7 44. g3 b5 45. Ra7+ Kg8 46. Nd7 b4 47. Nf6+ Kf8 48. Ng5 Qc1+ 49. Kg2 Qc6+ 50. Kh2 1-0

[Event "*** Titled Tuesday Blitz"]
[Site "Chess.com"]
[Date "2021.03.02"]
[Round "5"]
[White "pfalcon1949"]
[Black "LubovMarkelova"]
[Result "1-0"]
[WhiteElo "2029"]
[BlackElo "2200"]
[TimeControl "180+1"]
[EndTime "10:56:01 PST"]
[Termination "pfalcon1949 won by checkmate"]

1. c4 c6 2. e4 d5 3. cxd5 cxd5 4. exd5 Nf6 5. Nc3 Nbd7 6. Bc4 Nb6 7. Bb3 Nbxd5 8. Nf3 Bg4 9. h3 Bh5 10. O-O e6 11. g4 Bg6 12. Ne5 Bd6 13. Ba4+ Ke7 14.
f4 Qb6+ 15. Kh2 Rad8 16. d4 Nxc3 17. bxc3 Nd5 18. Qf3 f6 19. Bd2 fxe5 20. fxe5 Rhf8 21. Bg5+ Nf6 22. Kh1 Kf7 23. exf6 Kg8 24. Bb3 Rde8 25.
Rae1 Qc6 26. Qxc6 bxc6 27. Bxe6+ Kh8 28. fxg7+ Kxg7 29. Rxf8 Rxf8 30. Bd7 Rf7 31. Bxc6 Rc7 32. d5 Rf7 33. c4 Bc5 34. Bh4 Bd3 35. Kg2 Bxc4 36.
Bg3 Ba6 37. Be5+ Kg6 38. Be8 Bb7 39. Bxf7+ Kxf7 40. Rd1 Ke7 41. Bg3 Kd7 42. Kf1 Bd6 43. Bxd6 Kxd6 44. Ke2 Bxd5 45. Ke3 Ke5 46. a3 Be6 47. Rb1 a5 48. Rb7 h6 49. Ra7 h5 50.
Rxa5+ Kf6 51. Rxh5 Kg6 52. Re5 Kf6 53. Ke4 Bf7 54.
h4 Bg6+ 55. Kf4 Kg7 56. g5 Bf7 57. a4 Kg6 58. a5 Bc4 59. a6 Bxa6 60. Re6+ Kh5 61.
Rxa6 Kxh4 62. Rh6# 1-0

[Event "*** Titled Tuesday Blitz"]
[Site "Chess.com"]
[Date "2021.03.02"]
[Round "5"]
[White "ChessQueen"]
[Black "Skat2704"]
[Result "0-1"]
[WhiteElo "2721"]
[BlackElo "2573"]
[TimeControl "180+1"]
[EndTime "10:56:03 PST"]
[Termination "Skat2704 won by resignation"]

1. e4 c5 2. c3 Nf6 3. e5 Nd5 4. Nf3 Nc6 5. d4 cxd4 6. cxd4 d6 7. Bc4 Nb6 8. Bb5 d5 9. O-O Bf5 10. Nc3 e6 11. Bg5 Be7 12. Bxe7 Qxe7 13. Rc1 O-O 14.
Ne2 Na5 15. h3 Nac4 16. b3 Na3 17. Bd3 Bg6 18. Nf4 Bxd3 19. Nxd3 Rfc8 20. Qd2 a5 21. Nc5 Rc7 22. Qb2 Nb5 23. a4 Na7 24. Rc3 Nc6 25.
Rfc1 Nb4 26. Qd2 Rac8 27. Nh2 h6 28. Ng4 Kh7 29. Rf3 Nd7 30. Rfc3 Nxc5 31. dxc5 Rxc5 32. Qd4 Rxc3 33. Rxc3 Rxc3 34. Qxc3 Qd7 35. Qd4 Qc6 36. Ne3 Qc1+ 37. Kh2 Qb1 38. Qf4 Kg8 39. Qd4 Qxb3 40. Qb6 Qxa4 41. Qd8+ Kh7 42. Ng4 Qc2 43. Qd7 Qf5 44.
g3 h5 45. Nf6+ Kg6 46. Ng8 Qxf2+ 47. Kh1 Qf1+ 48. Kh2 Nd3 49. Ne7+ Kh6 50. Ng8+ Kh7 51. Nf6+ Kg6 52. Nxd5 Nxe5 53. Ne7+ Kh7 54. Qxb7 Nf3+ 0-1

[Event "*** Titled Tuesday Blitz"]
[Site "Chess.com"]
[Date "2021.03.02"]
[Round "5"]
[White "MITerryble"]
[Black "CheckThis4"]
[Result "1-0"]
[WhiteElo "2923"]
[BlackElo "2619"]
[TimeControl "180+1"]
[EndTime "10:56:04 PST"]
[Termination "MITerryble won by resignation"]

1. e4 e6 2. d4 d5 3. exd5 exd5 4.
Nf3 Nc6 5. Bb5 Bd6 6. h3 Ne7 7. c4 dxc4 8. Bxc4 Bf5 9. O-O Qd7 10. Re1 h6 11. a3 O-O-O 12. Nc3 Bxh3 13. gxh3 Qxh3 14.
Bf1 Qh5 15. Ne5 Qf5 16. Nxc6 Nxc6 17. Qd3 Qf6 18. Ne4 Qxd4 19. Qxd4 Nxd4 20. Rd1 Be5 21. Be3 Nc2 22. Rxd8+ Rxd8 23. Rb1 f5 24. Bh3 g6 25. Nc3 Nxe3 26. fxe3 Bxc3 27. bxc3 Rd3 28. Kf2 Rxc3 29. Rg1 Rxa3 30. Rxg6 b6 31. Bxf5+ Kb7 32. Rxh6 b5 33. Be4+ Kc8 34. Bc6 Rd3 35. Rh8+ Rd8 36. Rxd8+ Kxd8 37. Bxb5 Ke7 38. Ke2 Kd6 39. Kd3 a5 40. Kd4 c5+ 41. Kc4 Ke5 42. Kd3 Kd5 43. e4+ Ke5 44. Ke3 c4 45. Bxc4 a4 46. Kd3 a3 47.
Ba2 Kd6 48. Kd4 Kc6 49. e5 Kd7 50. Kd5 Ke7 51. e6 Kd8 52. Kd6 Ke8 53. Bb3 Kd8 54.
e7+ Ke8 55. Ba4+ Kf7 56. e8=Q+ Kf6 57. Qe6+ 1-0

[Event "*** Titled Tuesday Blitz"]
[Site "Chess.com"]
[Date "2021.03.02"]
[Round "5"]
[White "Mikedannnn"]
[Black "UmutErdemGunduz"]
[Result "1-0"]
[WhiteElo "2574"]
[BlackElo "2357"]
[TimeControl "180+1"]
[EndTime "10:56:04 PST"]
[Termination "Mikedannnn won by resignation"]

1. e4 e5 2. Nf3 Nc6 3. d4 exd4 4. Nxd4 Bc5 5. Be3 Qf6 6. Nb5 Bxe3 7. fxe3 Qe5 8. Nd2 Kd8 9. Nf3 Qxe4 10. Qd2 a6 11.
Nc3 Qe7 12. O-O-O Nf6 13. e4 d6 14. Re1 Ne5 15. Nd4 Bd7 16. h3 h5 17. g3 Rh6 18. Bg2 Rg6 19. Nde2 Ke8 20. Rhf1 Kf8 21. Rd1 Bc6 22. Qe1 Re8 23. Nf4 Rh6 24. Qf2 Kg8 25. a4 b5 26. axb5 axb5 27. b3 b4 28. Ncd5 Nxd5 29.
exd5 Bb5 30. Rfe1 Ra8 31. Kb2 Qf6 32. Qd4 g5 33. Ne2 Bxe2 34. Rxe2 Kf8 35. Rf2 Qg7 36. Be4 Nd7 37. Qxg7+ Kxg7 38. Rd4 Rb8 39. Bf5 Rf6 40. g4 h4 41. Re2 Ne5 42. Re3 Kf8 43. Rd1 Kg7 44.
Ra1 Rb7 45. Ra8 Rh6 46. Re8 Rh8 47. Re7 Kf6 48. R7xe5 dxe5 49. Be4 Rd8 50. Rf3+ Ke7 51.
Rf5 Rb6 52. Rxg5 f6 53. Rh5 Rbd6 54. Rxh4 Rxd5 55. Rh7+ Ke6 56. Bxd5+ Rxd5 57. Rxc7 e4 58. Rc4 e3 59. Kc1 Re5 60. Kd1 f5 61. gxf5+ Kxf5 62.
Ke2 Kg5 63. Rxb4 Rc5 64. Rg4+ Kf5 65. c4 Ra5 66. Kxe3 Ra3 67. Rf4+ Ke5 68. Re4+ Kf5 69. Rf4+ Ke5 70. Re4+ Kf5 71. Rd4 Rxb3+ 72. Rd3 Rb8 73. Kd4 Rd8+ 74. Kc3 Rc8 75. Rd5+ Ke4 76. Rh5 Rc7 77.
c5 Kf4 78. Kc4 Ke4 79. Rh6 Ke5 80. c6 Rc8 81. Kc5 Kf5 82. Rh7 Ke6 83. c7 Rxc7+ 84.
Rxc7 Kf6 1-0

[Event "*** Titled Tuesday Blitz"]
[Site "Chess.com"]
[Date "2021.03.02"]
[Round "5"]
[White "zeitnot2006"]
[Black "Nayemhaque22"]
[Result "0-1"]
[WhiteElo "2501"]
[BlackElo "2310"]
[TimeControl "180+1"]
[EndTime "10:56:05 PST"]
[Termination "Nayemhaque22 won on time"]

1. c4 e6 2. b3 d5 3. Bb2 Nf6 4.
Nf3 Be7 5. e3 O-O 6. Be2 b6 7. O-O c5 8. cxd5 Nxd5 9. d4 Bf6 10.
Nbd2 Ba6 11. Bxa6 Nxa6 12. Ne4 cxd4 13. Nxf6+ Nxf6 14. Bxd4 Nd5 15. Ne5 f6 16. Nc4 e5 17.
Bb2 Nc5 18. Rc1 Nb4 19. a3 Nbd3 20. Rb1 Nxb2 21. Rxb2 Qxd1 22. Rxd1 Rfd8 23. Rxd8+ Rxd8 24. g3 Rd1+ 25. Kg2 Rc1 26. Nd6 g5 27. g4 Rc3 28. b4 Nd3 29. Rd2 Rxa3 30. Rc2 Nxb4 31. Rc8+ Kg7 32. Nf5+ Kf7 33. e4 Na6 34. Rh8 Nc5 35.
Rxh7+ Ke8 36. Rc7 a5 37. Rc6 Rb3 38. Rc7 a4 39. Ra7 a3 40. Kf1 Nxe4 41. Ke1 Nc3 42.
f3 a2 43. Kd2 Rb1 44. Nd6+ Kd8 45. Kxc3 a1=Q+ 46. Rxa1 Rxa1 47. Ne4 Ke7 48. Ng3 Rg1 49. Nf5+ Kf8 50. Nd6 Rf1 0-1

[Event "*** Titled Tuesday Blitz"]
[Site "Chess.com"]
[Date "2021.03.02"]
[Round "5"]
[White "Chernobay_Artem"]
[Black "Aslanov_Umid"]
[Result "1-0"]
[WhiteElo "2618"]
[BlackElo "2413"]
[TimeControl "180+1"]
[EndTime "10:56:06 PST"]
[Termination "Chernobay_Artem won by checkmate"]

1. d4 d5 2. c4 e6 3. Nc3 c6 4. e4 dxe4 5. Nxe4 Bb4+ 6. Bd2 Qxd4 7. Bxb4 Qxe4+ 8. Be2 Na6 9. Ba5 b6 10. Qd6 Bd7 11.
Bc3 Nf6 12. Nf3 O-O-O 13. Nd2 Qxg2 14. Bf3 Qg5 15. O-O-O Qc5 16. Qd3 Nb4 17. Qb1 Be8 18. Ne4 Nxe4 19. Bxe4 Qg5+ 20. Rd2 Rxd2 21. Bxd2 Qc5 22.
b3 f5 23. Bf3 Bg6 24. a3 Na6 25. Qb2 Rd8 26. Be3 Qe7 27. Bxc6 Nc5 28. Kb1 f4+ 29. Ka1 fxe3 30. fxe3 Qf6 31. b4 Qxb2+ 32. Kxb2 Nd3+ 33. Kc3 Ne5 34. Bb5 Rd3+ 35. Kb2 Rxe3 36. h4 Re1 37.
Rh2 Nd3+ 38. Kc3 Nf4 39. Rf2 e5 40. c5 bxc5 41. bxc5 Rc1+ 42. Kb4 a5+ 43. Kxa5 Rxc5 44. Kb6 Rc3 45. a4 Rb3 46. a5 Nd3 47. Rf8+ Be8 48. Rxe8# 1-0

[Event "*** Titled Tuesday Blitz"]
[Site "Chess.com"]
[Date "2021.03.02"]
[Round "5"]
[White "JoliyRoger"]
[Black "yuki_chess123"]
[Result "1-0"]
[WhiteElo "2475"]
[BlackElo "2230"]
[TimeControl "180+1"]
[EndTime "10:56:06 PST"]
[Termination "JoliyRoger won on time"]

1. d4 g6 2. c4 Bg7 3. e4 d6 4.
h3 Nf6 5. Nc3 O-O 6. Nf3 c5 7.
d5 e6 8. Bd3 exd5 9. cxd5 b5 10. Nxb5 Nxe4 11. Bxe4 Re8 12. Ng5 h6 13. Ne6 fxe6 14.
O-O e5 15. Bxg6 Rf8 16. Qh5 Nd7 17. Bxh6 Nf6 18. Qg5 Bxh6 19. Qxh6 Ba6 20. a4 Qe7 21. Bf5 Bc8 22. Bxc8 Raxc8 23. Ra3 Rf7 24. Rg3+ Rg7 25. Rxg7+ Qxg7 26. Qxg7+ Kxg7 27. Nxd6 Rd8 28. Nf5+ Kg6 29.
Ne3 Rb8 30. Nc4 e4 31. Rc1 Nxd5 32. Nd6 Rxb2 33. Rxc5 e3 34. fxe3 Nxe3 35. g4 Rg2+ 36. Kh1 Ra2 37. Re5 Nf1 38. a5 Ng3+ 39. Kg1 Ne2+ 40.
Kf1 Nf4 41. h4 Ra1+ 42. Re1 Rxa5 43. h5+ Kg5 44. Ne4+ Kxg4 45. h6 Rf5 46. Nf2+ Kf3 47. h7 Rh5 48. Re7 Ng6 49. Rxa7 1-0

[Event "*** Titled Tuesday Blitz"]
[Site "Chess.com"]
[Date "2021.03.02"]
[Round "5"]
[White "ENajer77"]
[Black "Firouzja2003"]
[Result "1/2-1/2"]
[WhiteElo "2630"]
[BlackElo "3127"]
[TimeControl "180+1"]
[EndTime "10:56:07 PST"]
[Termination "Game drawn by repetition"]

1. d4 Nf6 2. c4 b6 3. f3 Bb7 4. e4 d6 5. Nc3 g6 6. Be3 Bg7 7. Qd2 Nc6 8. Nge2 a6 9. Bh6 Bxh6 10. Qxh6 e6 11. O-O-O Qe7 12. Kb1 O-O-O 13. Qe3 Kb8 14. Nc1 e5 15. d5 Nd4 16. Nb3 Nxb3 17. axb3 Nd7 18. b4 f5 19. Bd3 Rhf8 20. Bc2 fxe4 21. Nxe4 Rf5 22. c5 Nf6 23. Nxd6 cxd6 24. Bxf5 Nxd5 25.
Rxd5 Bxd5 26. Be4 Bxe4+ 27. Qxe4 dxc5 28. bxc5 Qxc5 29. Rc1 Qb5 30. Qc2 Qd3 31. Qxd3 Rxd3 32. Rc6 Rd1+ 33. Ka2 Rd2 34. Rxb6+ Ka7 35. Re6 Rxg2 36.
Re7+ Kb6 37. Rxh7 Kc5 38. h4 Rg3 39. Rg7 Rxf3 40. Rxg6 e4 41. Rxa6 e3 42. Re6 Kd4 43. h5 Kd3 44. Rd6+ Kc2 45. Rc6+ Kd1 46. Rd6+ Ke1 47.
h6 Rh3 48. Kb3 e2+ 49. Kc2 Kf2 50. Rf6+ Rf3 51. Rxf3+ Kxf3 52. h7 e1=Q 53. h8=Q Qe4+ 54. Kb3 Qd5+ 55. Kc2 Qe4+ 56. Kc1 Qe1+ 57. Kc2 Qe4+ 1/2-1/2

[Event "*** Titled Tuesday Blitz"]
[Site "Chess.com"]
[Date "2021.03.02"]
[Round "5"]
[White "Galileo22"]
[Black "Abund"]
[Result "0-1"]
[WhiteElo "2427"]
[BlackElo "2666"]
[TimeControl "180+1"]
[EndTime "10:56:07 PST"]
[Termination "Abund won by checkmate"]

1. d4 Nf6 2. Bg5 d5 3. Nd2 h6 4. Bh4 e6 5. Ngf3 c5 6. e3 Nc6 7. a3 a6 8. dxc5 Bxc5 9. b4 Be7 10. c4 O-O 11. Be2 d4 12. exd4 Nxd4 13. O-O Nxe2+ 14. Qxe2 b6 15. Nb3 Bb7 16. Rfd1 Qc8 17. Ne5 Re8 18. Rac1 Ne4 19. Bxe7 Rxe7 20. f3 Nf6 21. Qd2 Qc7 22. Qd6 Rc8 23. a4 Ne8 24. Qd4 f6 25. Ng6 Rf7 26.
a5 bxa5 27. Nxa5 Ba8 28. Nh4 g5 29. Ng6 Rg7 30. Nh4 gxh4 31. Kf2 Qxh2 32. Rg1 h3 33. Ke3 hxg2 34. Kf2 Qe5 35. Qxe5 fxe5 36. Rxg2 Rxg2+ 37. Kxg2 e4 38. fxe4 Bxe4+ 39. Kf2 Nd6 40. Ke3 Bf5 41.
Kd4 Kf7 42. Ke5 Ke7 43. c5 Nf7+ 44. Kd4 Kf6 45. Kc3 h5 46. Rf1 h4 47. Kc4 Ne5+ 48. Kd4 h3 49. Ke3 h2 50. Kf4 Rg8 51.
Nb7 Rg1 52. Rxg1 hxg1=Q 53. Nd6 Qf2# 0-1

[Event "*** Titled Tuesday Blitz"]
[Site "Chess.com"]
[Date "2021.03.02"]
[Round "5"]
[White "andrewtnb"]
[Black "woodhy"]
[Result "1-0"]
[WhiteElo "2319"]
[BlackElo "2456"]
[TimeControl "180+1"]
[EndTime "10:56:08 PST"]
[Termination "andrewtnb won by checkmate"]

1. d4 e6 2. c4 Nf6 3. Nc3 Bb4 4.
e3 c5 5. Ne2 cxd4 6. exd4 b6 7.
a3 Be7 8. Nf4 Bb7 9. d5 e5 10.
Nd3 d6 11. Be2 O-O 12. O-O Nbd7 13. a4 Rc8 14. b3 e4 15. Nf4 Re8 16. Be3 Bf8 17.
a5 Ra8 18. axb6 axb6 19. Nb5 Nc5 20. Qc2 Qd7 21. b4 Na6 22. Qb2 Nc7 23. Na7 Reb8 24. Bxb6 Bxd5 25. Bxc7 Qxc7 26. Nb5 Rxb5 27. Nxd5 Nxd5 28.
Rxa8 Rxb4 29. Qd2 Qb7 30. Qxd5 Qxd5 31. cxd5 Rb2 32. Ba6 g6 33. Re1 Rb4 34. f3 f5 35.
fxe4 fxe4 36. Rf1 Kg7 37. Raxf8 e3 38. Be2 Rb2 39. R8f7+ Kh6 40. Bf3 Rd2 41. Re1 Rd3 42. Re7 Kg5 43. R7xe3 Rd4 44. R1e2 h5 45. Kf2 Kf6 46.
g3 h4 47. gxh4 Rxh4 48. Kg3 Rd4 49. h4 Kf5 50. Re6 g5 51. hxg5 Kxg5 52. Rxd6 Kf5 53. Rde6 Rxd5 54. Bxd5 Kg5 55. R2e5# 1-0

[Event "*** Titled Tuesday Blitz"]
[Site "Chess.com"]
[Date "2021.03.02"]
[Round "5"]
[White "fearless_guy"]
[Black "Eltaj_Safarli"]
[Result "1-0"]
[WhiteElo "2826"]
[BlackElo "2912"]
[TimeControl "180+1"]
[EndTime "10:56:09 PST"]
[Termination "fearless_guy won on time"]

1. e4 e5 2. Nf3 Nc6 3. Bc4 Bc5 4.
c3 Nf6 5. d4 exd4 6. e5 d5 7.
Bb5 Ne4 8. cxd4 Bb6 9. Nc3 O-O 10. Be3 Ne7 11. Bd3 Nxc3 12. bxc3 Bf5 13. O-O Qd7 14.
Nh4 Bxd3 15. Qxd3 Qe6 16. Bg5 Ng6 17. Nf5 c5 18. h4 Bd8 19. f4 h6 20. Bxd8 Raxd8 21.
h5 Ne7 22. Nd6 Rxd6 23. exd6 Qxd6 24. Rae1 Rc8 25. Qh3 Rc7 26. Re3 cxd4 27. cxd4 Qf6 28. Re5 Kf8 29. Rfe1 Kg8 30. Kh1 b6 31. Qg4 a5 32. g3 Nc6 33. Re8+ Kh7 34. Qd1 Nxd4 35. Qd3+ g6 36. hxg6+ fxg6 37. Kg2 Rd7 38. Kh3 Nf5 39. R8e6 Qf7 40. R6e5 d4 41. Qe4 Ne3 42. Re6 Nc4 43. g4 Nd2 44. Qd3 Qxf4 45. Qxg6+ Kh8 46. Re8+ 1-0

[Event "*** Titled Tuesday Blitz"]
[Site "Chess.com"]
[Date "2021.03.02"]
[Round "5"]
[White "Flawless_Fighter"]
[Black "Diamantidis_13"]
[Result "0-1"]
[WhiteElo "2629"]
[BlackElo "2440"]
[TimeControl "180+1"]
[EndTime "10:56:10 PST"]
[Termination "Diamantidis_13 won by resignation"]

1. d4 Nf6 2. Nc3 d5 3. Bf4 a6 4. e3 c5 5. dxc5 Nc6 6. a3 g6 7.
Nf3 Nh5 8. Qxd5 Nxf4 9. Qxd8+ Nxd8 10. exf4 Bg7 11. Bc4 Bxc3+ 12. bxc3 Be6 13. Ne5 Bxc4 14. Nxc4 Ne6 15. c6 bxc6 16. g3 O-O-O 17. Ke2 Kc7 18.
Rab1 Rd5 19. Ne5 f6 20. Nd3 Ra5 21. Rb3 Nc5 22. Nxc5 Rxc5 23. Rhb1 Kd6 24. Rd1+ Ke6 25. Rd3 h5 26. Rb7 h4 27. Re3+ Kf5 28. Rbxe7 hxg3 29. hxg3 g5 30. fxg5 fxg5 31. Rf7+ Kg4 32. Ra7 Ra5 33. c4 Ra4 34. c5 Rc4 35. Kd2 Rh2 36. Re2 Rxc5 37.
Rxa6 Kf3 38. Re3+ Kxf2 39. Re2+ Kxg3 40. Rxh2 Kxh2 41. Ra8 g4 42. Rh8+ Kg2 43. Kd3 Ra5 44. Ke3 Rxa3+ 45. Kd4 g3 46. c4 Kf2 47. Rf8+ Rf3 48.
Rg8 g2 49. Kc5 Rg3 50. Rf8+ Ke2 51. Re8+ Kd2 52. Rd8+ Kc2 53. Ra8 g1=Q+ 0-1

[Event "*** Titled Tuesday Blitz"]
[Site "Chess.com"]
[Date "2021.03.02"]
[Round "5"]
[White "SanchezKelvin"]
[Black "PakMaster"]
[Result "1-0"]
[WhiteElo "2437"]
[BlackElo "2244"]
[TimeControl "180+1"]
[EndTime "10:56:11 PST"]
[Termination "SanchezKelvin won by resignation"]

1. e4 c5 2. Nf3 d6 3. d4 cxd4 4. Nxd4 Nf6 5. Nc3 a6 6. f3 e5 7. Nb3 Be7 8. Be3 O-O 9. Qd2 Be6 10. Nd5 Nbd7 11. Na5 Bxd5 12. exd5 Qc7 13. Be2 Rac8 14. c4 Ne8 15. O-O f5 16. b4 Rf6 17. Rac1 b6 18. Nc6 Nb8 19. Nxe7+ Qxe7 20. Bg5 Nd7 21. Bxf6 Nexf6 22. Rfe1 Qf7 23. c5 bxc5 24. bxc5 Nxc5 25. Bxa6 Ra8 26. Bc4 Nh5 27. Bb3 Qa7 28. Kh1 Nf4 29. Bc4 Kh8 30. g3 Ng6 31. Qg5 Qf7 32. Re2 h6 33. Qd2 Ra3 34. Rf1 Qf6 35. Qb4 Ra4 36. Qb5 Kh7 37. Bb3 Rd4 38. Kg1 Qg5 39. Kh1 h5 40.
Rg2 e4 41. f4 Qg4 42. Qe2 Qxe2 43. Rxe2 Nd3 44. Rb1 Rb4 45. Bc2 Rd4 46. Rd2 Ne7 47.
Bxd3 exd3 48. Rb3 Nxd5 49. Rbxd3 Rxd3 50. Rxd3 Nb4 51. Rd2 d5 52. a3 Nc6 53. Rxd5 g6 54. Rc5 Nd4 55. a4 Nb3 56. Rb5 1-0

[Event "*** Titled Tuesday Blitz"]
[Site "Chess.com"]
[Date "2021.03.02"]
[Round "5"]
[White "fish7728"]
[Black "Redzishchess"]
[Result "0-1"]
[WhiteElo "2184"]
[BlackElo "2358"]
[TimeControl "180+1"]
[EndTime "10:56:11 PST"]
[Termination "Redzishchess won by resignation"]

1. d4 Nf6 2. c4 e6 3. Nc3 d5 4. cxd5 exd5 5. Bg5 c6 6. e3 Be7 7. Bd3 Nbd7 8. Qc2 Nf8 9. Nf3 Ne6 10. Bh4 g6 11. h3 Ng7 12. Bg3 Bf5 13. Be5 h5 14. O-O-O O-O 15. g4 hxg4 16. Bxf5 gxf5 17. hxg4 fxg4 18.
Ng5 Ne4 19. Ngxe4 dxe4 20. Qxe4 f5 21. Qf4 Bg5 22. Qh2 Bf6 23. Ne2 Kf7 24. Nf4 Rh8 25. Qg2 Qa5 26. Kb1 Rad8 27. f3 Bxe5 28. dxe5 Rxh1 29.
Qxh1 Rxd1+ 30. Qxd1 Qxe5 31. Qb3+ Kf6 32. fxg4 Qe4+ 33. Kc1 fxg4 34. Qc3+ Qe5 35. Qd3 Nf5 36. Qd8+ Qe7 37. Nh5+ Kg5 38. Qxe7+ Nxe7 39. Nf4 Nd5 40. Ng2 Kf5 41. Kd2 Ke4 42. Ke2 g3 43. b3 c5 44.
a3 b5 45. Nh4 Nxe3 46. Nf3 Nc2 47. a4 bxa4 48. bxa4 Nd4+ 49. Nxd4 cxd4 0-1

[Event "*** Titled Tuesday Blitz"]
[Site "Chess.com"]
[Date "2021.03.02"]
[Round "5"]
[White "Kaslask"]
[Black "WPWPWP-2015"]
[Result "0-1"]
[WhiteElo "2280"]
[BlackElo "2475"]
[TimeControl "180+1"]
[EndTime "10:56:13 PST"]
[Termination "WPWPWP-2015 won by resignation"]

1. c4 e5 2. Nc3 Nf6 3. Nf3 Nc6 4. d3 Bb4 5. Bd2 O-O 6. g3 a5 7. Bg2 Re8 8. O-O d6 9. Bg5 Bxc3 10. bxc3 h6 11. Bd2 Be6 12. e4 Qd7 13. Nh4 Bh3 14. Qc1 Kh7 15. f4 Bxg2 16. Kxg2 a4 17. f5 Qe7 18. h3 Reb8 19. Nf3 Kg8 20. g4 Kf8 21. g5 hxg5 22. Bxg5 Ke8 23. h4 Kd7 24. Rb1 b6 25.
Nh2 Qf8 26. Qe3 Nh5 27. Qf3 Qh8 28. f6 gxf6 29. Qf5+ Ke7 30. Ng4 Rg8 31. Nxf6 Qxf6 32. Qxf6+ Nxf6 33. Rxf6 Raf8 34. Rbf1 Ke8 35. Kh3 Nd8 36.
Bh6 Ne6 37. Bxf8 Rxf8 38. Rxe6+ fxe6 39. Rxf8+ Kxf8 40. Kg4 Kg7 41. Kg5 Kf7 42. h5 c6 43.
h6 d5 44. h7 Kg7 45. h8=Q+ Kxh8 46. Kf6 d4 47. cxd4 exd4 48. Kxe6 b5 49. cxb5 cxb5 50. Kd5 b4 51. Kc4 b3 52. e5 bxa2 53. e6 a1=Q 54. e7 Qc3+ 55. Kd5 Qb3+ 56. Kd6 Qb5 57.
Ke6 Qe8 58. Kf6 Kg8 0-1

[Event "*** Titled Tuesday Blitz"]
[Site "Chess.com"]
[Date "2021.03.02"]
[Round "5"]
[White "Gerryisplaying"]
[Black "DvaHrasta"]
[Result "0-1"]
[WhiteElo "2235"]
[BlackElo "2416"]
[TimeControl "180+1"]
[EndTime "10:56:14 PST"]
[Termination "DvaHrasta won on time"]

1. d4 Nf6 2. Bg5 c5 3. d5 Qb6 4.
Nc3 Qxb2 5. Bd2 Qb6 6. e4 e5 7. f4 d6 8. Nf3 Bg4 9. Rb1 Qc7 10. Nb5 Qd8 11. fxe5 dxe5 12. Be2 a6 13. Nc3 Bxf3 14.
Bxf3 b5 15. O-O c4 16. Be3 Nbd7 17. Qe1 Qa5 18. Bd2 b4 19. Ne2 c3 20. Be3 Qxa2 21.
Qc1 Qc4 22. Ng3 Bc5 23. Be2 Bxe3+ 24. Qxe3 Qc5 25. Qxc5 Nxc5 26. Rxb4 O-O 27. Rc4 Rfc8 28. Bf3 Ncd7 29. Rxc8+ Rxc8 30. Nf5 Ra8 31. Ra1 a5 32. Ra3 Nc5 33. d6 a4 34. Ne7+ Kf8 35. Nc6 Ke8 36. Nxe5 Nfxe4 37. d7+ Ke7 38. d8=Q+ Kxd8 39. Nxf7+ Ke7 40. Ng5 Nxg5 41. Bxa8 Kd6 42. Rxc3 Nge6 43.
Ra3 Nd4 44. c3 Nb5 45. Ra1 Nxc3 46. Bf3 Nb3 47. Ra3 Kc5 48. Bg4 Kb4 49. Rxb3+ axb3 50. Bf5 h6 51. g4 Nd5 52. h4 Kc3 53. g5 Ne3 54.
Bb1 h5 55. Kf2 Nc2 0-1

[Event "*** Titled Tuesday Blitz"]
[Site "Chess.com"]
[Date "2021.03.02"]
[Round "5"]
[White "Mazanchenko_Dmitry"]
[Black "Unknown_IM"]
[Result "1/2-1/2"]
[WhiteElo "2106"]
[BlackElo "2373"]
[TimeControl "180+1"]
[EndTime "10:56:15 PST"]
[Termination "Game drawn - insufficient material"]

1. e4 e5 2. Nf3 Nc6 3. d4 exd4 4.
Bc4 Bc5 5. Ng5 Nh6 6. Nxf7 Nxf7 7. Bxf7+ Kxf7 8. Qh5+ g6 9. Qxc5 d5 10. O-O dxe4 11.
f3 e3 12. c3 Qd6 13. Qxd6 cxd6 14. b4 dxc3 15. Nxc3 Nxb4 16. Ba3 Nc2 17. Bxd6 Nxa1 18. Rxa1 Be6 19. Ne4 h6 20. Be5 Rhd8 21. Nd6+ Kg8 22. Kf1 Rxd6 23. Bxd6 Bc4+ 24. Ke1 Rd8 25. Bc5 e2 26.
Bxa7 Kf7 27. Be3 h5 28. a4 Rd3 29. Bd2 Rd5 30. a5 Ba6 31. Rc1 Ke6 32. Rc7 Rb5 33. Kf2 Rb2 34. Bh6 Ra2 35. Rc5 Ra1 36. Bc1 Ra2 37. Ke1 Ra1 38. Kf2 Ra4 39. Bd2 Ra2 40. Ke1 Kf7 41. Rc7+ Kf6 42. Rc1 Ke5 43. g3 Kd4 44. f4 Kd3 45. Rc3+ Kd4 46. Rc1 Ke4 47.
h3 Kf3 48. Rc3+ Kg2 49. g4 Ra1+ 50. Rc1 Rxc1+ 51. Bxc1 Kxh3 52. gxh5 gxh5 53. f5 Bc4 54. f6 Kg2 55. f7 Bxf7 56. Kxe2 h4 57. Kd3 h3 58.
Bf4 h2 59. Bxh2 Kxh2 60. Kd4 Kg3 61. Kc5 Kf4 62. Kb6 Bd5 63. a6 bxa6 64. Kxa6 1/2-1/2

[Event "*** Titled Tuesday Blitz"]
[Site "Chess.com"]
[Date "2021.03.02"]
[Round "5"]
[White "shrek4life02"]
[Black "Sanan_Sjugirov"]
[Result "1-0"]
[WhiteElo "2742"]
[BlackElo "2918"]
[TimeControl "180+1"]
[EndTime "10:56:16 PST"]
[Termination "shrek4life02 won by resignation"]

1. d4 Nf6 2. Bf4 e6 3. Nf3 c5 4. e3 cxd4 5. exd4 b6 6. Be2 Bb7 7. h3 Be7 8. O-O O-O 9. c3 d6 10. Bh2 Nbd7 11. Nbd2 Re8 12. a4 a6 13. Nc4 Qc7 14.
Ne3 Bf8 15. Nd2 Nd5 16. Bf3 N7f6 17. c4 Nb4 18. Qb3 a5 19. Rac1 Bxf3 20. Nxf3 Qb7 21.
Rfe1 Rac8 22. Nd2 d5 23. cxd5 Nfxd5 24. Ndc4 Nxe3 25. fxe3 Qd5 26. Rc3 Rc6 27. Nd2 Rec8 28. Rec1 Qd7 29. Nf3 f6 30. Bg3 Nd5 31. Rxc6 Rxc6 32.
Re1 Nb4 33. e4 Rc8 34. Rd1 Bd6 35. Bf2 Bc7 36. d5 exd5 37. exd5 Qf7 38. Kh1 Rd8 39.
Qc4 Rxd5 40. Re1 Rd8 41. Qe4 h6 42. Nh4 Nc6 43. Ng6 Ne5 44. Nf4 Rc8 45. Bd4 Re8 46.
Qf5 Bd6 47. Bc3 Nc4 48. Rd1 Bxf4 49. Qxf4 Ne5 50. Rf1 Ng6 51. Qf5 Ne5 52. Qe4 Qe6 53. Re1 Qe7 54. Qd5+ Qe6 55. Qb5 Kf7 56. Qa6 Re7 57. Qb5 Qc4 58. Rxe5 Qxb5 59. Rxb5 Re6 60. Bd4 1-0

[Event "*** Titled Tuesday Blitz"]
[Site "Chess.com"]
[Date "2021.03.02"]
[Round "5"]
[White "ulkaf961"]
[Black "elohunter1999"]
[Result "1-0"]
[WhiteElo "2406"]
[BlackElo "2621"]
[TimeControl "180+1"]
[EndTime "10:56:16 PST"]
[Termination "ulkaf961 won by resignation"]

1. d4 Nf6 2. c4 e6 3. Nc3 Bb4 4. e3 c5 5. Bd3 O-O 6. Nf3 d5 7. O-O Nc6 8. a3 Bxc3 9. bxc3 dxc4 10. Bxc4 Qc7 11. Qe2 e5 12. Nxe5 Nxe5 13. dxe5 Qxe5 14.
f4 Qe7 15. Bd3 Re8 16. Re1 Ne4 17. Qc2 b6 18. Bb2 Bb7 19. c4 f6 20. a4 a5 21.
Rab1 Rad8 22. Rbd1 Qe6 23. Qe2 Qc6 24. Qg4 Bc8 25. Qf3 Bb7 26. Qg4 Rd6 27. Bxe4 Rxe4 28. Rxd6 Qxd6 29. Rd1 Qe6 30. Rd8+ Kf7 31. Rd7+ Qxd7 32.
Qxd7+ Re7 33. Qd3 Bc6 34. Qd6 Re6 35. Qc7+ Kg6 36. g4 Rxe3 37. f5+ Kg5 38. Qxc6 Kxg4 39. Qg2+ Kxf5 40. Qf2+ Ke4 41. Bc1 Rb3 42. Qe2+ Kd4 43. Qd1+ Rd3 44. Bb2+ Ke3 45. Qe1+ Kf4 46. Bc1+ Kf3 47.
Qf1+ Ke4 48. Qg2+ Rf3 49. Qg4+ Kd3 50. Qxf3+ Kxc4 51. Qc6 Kb3 52. Qxb6+ Kc4 53. Qxa5 Kd3 54. Qb5+ c4 55. a5 1-0